[Event "*** Titled Tuesday Blitz"]
[Site "Chess.com"]
[Date "2018.06.05"]
[Round "7"]
[White "attack2mateU"]
[Black "Aygehovit1992"]
[Result "1/2-1/2"]
[WhiteElo "2687"]
[BlackElo "2530"]
[TimeControl "180+2"]
[EndTime "14:42:18 PDT"]
[Termination "Game drawn - insufficient material"]

1. e4 d6 2. d4 Nf6 3. Nc3 g6 4. f4 Bg7 5. Nf3 O-O 6. Bd3 Bg4 7. h3 Bxf3 8. Qxf3 Nc6 9. Be3 e5 10. dxe5 dxe5 11. f5 Nd4 12. Qf2 c5 13. O-O Rc8 14. b3 Qd6 15. Rad1 a6 16. a4 gxf5 17. exf5 Qc6 18. Qh4 Kh8 19. Ne4 b5 20. axb5 axb5 21. Ng5 c4 22. bxc4 bxc4 23. Be4 Qb6 24. Kh1 h6 25.
Nf3 Nxf5 26. Bxb6 Nxh4 27. Nxh4 Nxe4 28. Rf3 Rc6 29. Be3 c3 30. Rd7 Rd6 31. Rc7 Rd1+ 32. Kh2 Re1 33. Nf5 Re2 34. Bc5 Rg8 35. Rxf7 Rxc2 36.
Ne7 Ng5 37. Nxg8 Nxf3+ 38. Rxf3 Kxg8 39. Kg3 e4 40. Re3 Rc1 41. Rxe4 c2 42. Rc4 Be5+ 43. Kg4 Kf7 44. Bb4 Ke6 45. Bd2 Rg1 46. Rxc2 Rxg2+ 47. Kf3 Rg3+ 48. Kf2 Rxh3 49. Rc6+ Kf5 50. Rxh6 Rd3 51. Ke2 Rxd2+ 52. Kxd2 Bf4+ 53. Ke2 Bxh6 1/2-1/2

[Event "*** Titled Tuesday Blitz"]
[Site "Chess.com"]
[Date "2018.06.05"]
[Round "7"]
[White "vovachesss"]
[Black "champ2005"]
[Result "0-1"]
[WhiteElo "2398"]
[BlackElo "2557"]
[TimeControl "180+2"]
[EndTime "14:42:18 PDT"]
[Termination "champ2005 won by resignation"]

1. e4 c5 2. Nf3 d6 3. d4 cxd4 4. c3 Nf6 5. Qxd4 Nc6 6. Qe3 g6 7. Bc4 Bg7 8. O-O O-O 9. h3 b6 10. Rd1 Qc7 11. Bb3 Bb7 12. Qe2 Nd7 13. Bg5 Nc5 14.
Bd5 e6 15. Bc4 Na5 16. Nbd2 Nxc4 17. Qxc4 a6 18. Rac1 b5 19. Qe2 a5 20. Qe3 f6 21.
Bh6 d5 22. Bxg7 Kxg7 23. Nd4 Qb6 24. Nxe6+ Qxe6 25. Qxc5 dxe4 26. Nf1 Rf7 27. Rd6 Qxa2 28. Qxb5 Bc8 29. Rd8 Ba6 30. Qd5 Qxd5 31. Rxd5 Bd3 32. Ra1 a4 33. Rd4 Rb7 34. Raxa4 Rxa4 35. Rxa4 Rxb2 36.
Ra7+ Kh6 37. Ne3 f5 38. g3 Rb1+ 39. Kg2 Be2 40. f4 exf3+ 41. Kf2 Rb2 42. Re7 Bd1+ 43. Ke1 Bb3 44. h4 Re2+ 45. Kf1 Bc4 46. Kg1 f2+ 47. Kh1 Rxe3 48. Kh2 Rxe7 49. g4 f1=Q 50. g5+ Kg7 0-1

[Event "*** Titled Tuesday Blitz"]
[Site "Chess.com"]
[Date "2018.06.05"]
[Round "7"]
[White "MPGM"]
[Black "goodtimes2020"]
[Result "1-0"]
[WhiteElo "2382"]
[BlackElo "2270"]
[TimeControl "180+2"]
[EndTime "14:42:18 PDT"]
[Termination "MPGM won by checkmate"]

1. c4 e6 2. d4 b6 3. Nf3 Bb7 4.
g3 f5 5. Bg2 Nf6 6. O-O Be7 7.
b3 O-O 8. Bb2 d6 9. Nbd2 Nbd7 10. Ng5 Bxg2 11. Kxg2 Qc8 12. Nxe6 Qb7+ 13. d5 Rfe8 14.
Nf3 Nc5 15. Nxc5 dxc5 16. Qd3 Ne4 17. Rad1 Rad8 18. Nd2 Nd6 19. Qf3 Rf8 20. Rfe1 Bf6 21.
Bxf6 Rxf6 22. Qf4 Re8 23. e3 h6 24. h4 Ne4 25. Nxe4 Rxe4 26. Qf3 Qc8 27. Rd2 Qd7 28.
Red1 Qd6 29. h5 a5 30. Rd3 Kf7 31. Rh1 Rg4 32. Rd2 Qe5 33. d6 Rxd6 34. Rxd6 cxd6 35. Rd1 Ke6 36. Qa8 Qe4+ 37. Qxe4+ Rxe4 38. Kf3 Re5 39. Kf4 Re4+ 40. Kf3 Re5 41. Ke2 Kf6 42. Rxd6+ Kg5 43. Rg6+ Kxh5 44. Rxg7 Re6 45. Kf3 Rd6 46. Kf4 Rd2 47. f3 Rxa2 48. Kxf5 Rf2 49. f4 Rf3 50.
Rg4 Rxe3 51. Rh4# 1-0

[Event "*** Titled Tuesday Blitz"]
[Site "Chess.com"]
[Date "2018.06.05"]
[Round "7"]
[White "sergeikim"]
[Black "pedromartinez91"]
[Result "0-1"]
[WhiteElo "2369"]
[BlackElo "2303"]
[TimeControl "180+2"]
[EndTime "14:42:22 PDT"]
[Termination "pedromartinez91 won by resignation"]

1. d4 d5 2. c4 dxc4 3. e3 Nf6 4.
Bxc4 e6 5. Nf3 c5 6. O-O Nc6 7. Qe2 cxd4 8. Rd1 Be7 9. exd4 O-O 10. Nc3 Na5 11. Bd3 b6 12. Ne5 Bb7 13. Bg5 Nd5 14.
Bxe7 Qxe7 15. Qh5 g6 16. Qh6 Rfd8 17. Ne4 Nf6 18. Ng5 Rxd4 19. Ngxf7 Ng4 20. Qh3 Nxe5 21. Nxe5 Rad8 22. Re1 Qd6 23. Bf1 Be4 24. Ng4 Bf5 25. Nh6+ Kg7 26. Nxf5+ exf5 27. Qc3 Nc6 28. a3 Ne5 29.
Rac1 Rd7 30. h3 h5 31. Qe3 Nf7 32. Qc3 Kh7 33. Qc8 Rd2 34. b4 Qd4 35. Re3 Rxf2 36.
Kxf2 f4 37. Qc3 fxe3+ 38. Qxe3 Qxe3+ 39. Kxe3 Kg7 40. Bb5 Re7+ 41. Kf2 Nd6 42. Bd3 Kf6 43. Rc6 Re6 44. b5 g5 45. Rc7 Re7 46. Rc6 Ke5 47. a4 h4 48. Rc1 Kd4 49. Rd1 Kc3 50. Kf3 Nf7 51. Bf5 Ne5+ 52. Kf2 Rf7 53. Ke3 Rxf5 54.
Ke4 Rf2 55. Kxe5 Kb4 56. Rd4+ Ka5 57. Rg4 Ra2 58. Kf5 Rxa4 59. Kxg5 Rxg4+ 60. hxg4 Kxb5 61. Kf6 a5 62. g5 a4 63. g6 a3 64. g7 a2 65.
g8=Q a1=Q+ 66. Kg5 Qe5+ 67. Kxh4 Qh2+ 0-1

[Event "*** Titled Tuesday Blitz"]
[Site "Chess.com"]
[Date "2018.06.05"]
[Round "7"]
[White "Last7Samurai"]
[Black "Keaton87"]
[Result "1/2-1/2"]
[WhiteElo "2694"]
[BlackElo "2471"]
[TimeControl "180+2"]
[EndTime "14:42:29 PDT"]
[Termination "Game drawn - insufficient material"]

1. e4 c5 2. c3 Nf6 3. e5 Nd5 4. d4 cxd4 5. cxd4 d6 6. Nf3 Nc6 7. Bc4 Nb6 8. Bb5 dxe5 9. Nxe5 Bd7 10. Nxd7 Qxd7 11. O-O e6 12. Nc3 Be7 13. Qg4 O-O 14.
Bxc6 bxc6 15. Bh6 Bf6 16. Rfd1 Kh8 17. Ne4 Qe7 18. Nxf6 Qxf6 19. Bf4 Qg6 20. Qxg6 hxg6 21. Rac1 Rac8 22. Bd6 Rfd8 23. Bc5 Rd7 24. Rd3 Nd5 25. Ra3 Rcc7 26. g3 g5 27. Rc4 Kh7 28. Ra6 Kg6 29. Rca4 Nb6 30. Bxb6 axb6 31. Rxb6 c5 32.
dxc5 Rxc5 33. Ra3 Rc2 34. Rf3 Rdd2 35. a4 g4 36. Rf4 Rxb2 37. Rxb2 Rxb2 38. Rxg4+ Kf6 39.
Rf4+ Ke7 40. h4 Ra2 41. Rb4 f5 42. Rb7+ Kf6 43. Ra7 e5 44. a5 e4 45. a6 Kg6 46.
Ra8 Kh5 47. Kf1 Kg4 48. Ke1 Kf3 49. Rf8 g6 50. h5 Ra1+ 51. Kd2 Kxf2 52. hxg6 e3+ 53.
Kc2 e2 54. Rxf5+ Kg2 55. Re5 e1=Q 56. Rxe1 Rxe1 57. a7 Re8 58. Kc3 Kxg3 59. Kb4 Ra8 60. g7 Kf4 61. Kb5 Ke3 62. Kb6 Rg8 63. Kb7 Rxg7+ 64.
Kb8 Rxa7 65. Kxa7 1/2-1/2

[Event "*** Titled Tuesday Blitz"]
[Site "Chess.com"]
[Date "2018.06.05"]
[Round "7"]
[White "Terrordelcaribe94"]
[Black "plouarzel"]
[Result "1-0"]
[WhiteElo "2357"]
[BlackElo "2406"]
[TimeControl "180+2"]
[EndTime "14:42:31 PDT"]
[Termination "Terrordelcaribe94 won by resignation"]

1. d4 d6 2. e4 Nf6 3. Nc3 e5 4. dxe5 dxe5 5. Qxd8+ Kxd8 6. Bg5 Nd7 7. O-O-O c6 8. g3 Ke8 9. Bh3 Be7 10. Nf3 h6 11.
Bxf6 Bxf6 12. Kb1 b5 13. Rd6 Nb6 14. Bxc8 Rxc8 15. Rhd1 Be7 16. R6d3 f6 17. Nh4 Rd8 18. Rxd8+ Bxd8 19. Nf5 g6 20. Nh4 g5 21. Nf5 Be7 22. b3 Kf7 23. Ne2 h5 24. h4 Ke6 25. Nc1 Bc5 26. Nd3 Bf8 27. f4 gxf4 28. gxf4 Nd7 29.
fxe5 fxe5 30. Rg1 Kf7 31. Rg5 Kf6 32. Ng3 Bd6 33. Nxh5+ Kf7 34. Rf5+ Kg6 35. Rg5+ Kf7 36. Rg7+ Ke6 37. Ng3 Rxh4 38. Rg6+ Nf6 39. Nf5 Rh1+ 40. Kb2 Bf8 41. Nf2 Rh7 42. Ng4 Rf7 43. c4 Be7 44.
Nxe7 Kxe7 45. Nxe5 Rh7 46. Nxc6+ Kf7 47. Ne5+ Ke7 48.
cxb5 Nxe4 49. Ra6 Rh2+ 50. Ka3 Nc3 51. Rxa7+ Ke6 52. Kb4 Nxa2+ 53. Rxa2 Rxa2 54. b6 Ra8 55.
Nc4 Kd7 56. Kb5 Rh8 57. b4 Kc8 58. Ka6 Kb8 59. Na5 Rc8 60. b5 Ka8 61. b7+ 1-0

[Event "*** Titled Tuesday Blitz"]
[Site "Chess.com"]
[Date "2018.06.05"]
[Round "7"]
[White "ehrenfeld"]
[Black "IMAghasiyevKamal"]
[Result "0-1"]
[WhiteElo "2451"]
[BlackElo "2483"]
[TimeControl "180+2"]
[EndTime "14:42:39 PDT"]
[Termination "IMAghasiyevKamal won by resignation"]

1. e4 c5 2. d3 d6 3. f4 Nc6 4. Nf3 g6 5. g3 Bg7 6. Bg2 Nf6 7. O-O O-O 8. c3 Rb8 9. h3 b5 10. e5 dxe5 11. fxe5 Nd5 12. Qe1 Bf5 13. Qe2 Qb6 14. Kh1 Rbd8 15. g4 Bc8 16. Na3 f6 17. Bd2 fxe5 18.
Ng5 Nf6 19. Be3 a5 20. Rae1 h6 21. Ne4 Nxe4 22. Bxe4 Bb7 23. Kh2 g5 24. c4 b4 25.
Nc2 Nd4 26. Qg2 Bxe4 27. dxe4 a4 28. Rd1 Qe6 29. Bxd4 exd4 30. Rf5 Rxf5 31. exf5 Qxc4 32. Qe4 Qd5 33. Qxe7 Qe5+ 34. Qxe5 Bxe5+ 35. Kg2 c4 36. b3 axb3 37. axb3 d3 38. Nxb4 c3 39. Nxd3 c2 40.
Rc1 Rxd3 41. Rxc2 Rg3+ 42. Kf2 Rxh3 43. Rc8+ Kf7 44. Rc6 Rxb3 45. Rxh6 Bf4 46. Rc6 Rg3 47. Rc4 Rxg4 48. Rc6 Rg3 49. Ra6 Rd3 50. Rc6 Rd6 51. Rc7+ Kf6 52. Rc5 Be5 53. Kf3 Kxf5 0-1

[Event "*** Titled Tuesday Blitz"]
[Site "Chess.com"]
[Date "2018.06.05"]
[Round "7"]
[White "Durarbayli"]
[Black "olomi007"]
[Result "1-0"]
[WhiteElo "2670"]
[BlackElo "2635"]
[TimeControl "180+2"]
[EndTime "14:42:40 PDT"]
[Termination "Durarbayli won by resignation"]

1. e4 c5 2. Nf3 d6 3. d4 cxd4 4. Nxd4 Nf6 5. Nc3 g6 6. Be3 Bg7 7. f3 Nc6 8. Qd2 O-O 9. Bc4 Bd7 10.
O-O-O Rc8 11. Bb3 Ne5 12. g4 b5 13. g5 b4 14. Nce2 Nxf3 15. Nxf3 Nxe4 16. Qxb4 Nc5 17.
Bxc5 Rxc5 18. Kb1 a5 19. Qf4 Qb6 20. a4 Rf5 21. Qg3 Bxa4 22. Nfd4 Re5 23. Nc3 Bxb3 24. cxb3 Rb8 25. h4 Qc5 26. Rhf1 Rb4 27. Qf3 f5 28. gxf6 Bxf6 29. Qa8+ Kg7 30. Nc6 Rxb3 31. Nxe5 Qxe5 32. Rxf6 Qxf6 33. Qxa5 Qxh4 34. Qd5 Rb8 35. Kc2 Qf6 36. Re1 h5 37. Re6 Qf2+ 38. Re2 Qf7 39. Qd4+ Kh7 40.
Nd5 e5 41. Qd3 Kh6 42. b4 Rc8+ 43. Kd2 Qf1 44. Qe3+ g5 45. Nc3 Qf4 46. Kc2 Qxb4 47.
Rf2 Kg6 48. Qf3 Qf4 49. Qd3+ e4 50. Qe2 Qe5 51. Qe3 Rc5 52. Rd2 d5 53. Qxc5 e3 54. Rxd5 Qe6 55. Rd6 1-0

[Event "*** Titled Tuesday Blitz"]
[Site "Chess.com"]
[Date "2018.06.05"]
[Round "7"]
[White "Justmig"]
[Black "chessking2151"]
[Result "0-1"]
[WhiteElo "2609"]
[BlackElo "2456"]
[TimeControl "180+2"]
[EndTime "14:42:40 PDT"]
[Termination "chessking2151 won by checkmate"]

1. e4 c5 2. Nf3 e6 3. d4 cxd4 4.
Bg5 Qa5+ 5. c3 Nc6 6. b4 Qb6 7. b5 Nce7 8. cxd4 d5 9. e5 Bd7 10.
Nc3 Nf5 11. Bd3 Bb4 12. Bd2 Nxd4 13. O-O Nxf3+ 14. Qxf3 Ne7 15. Qg3 Qa5 16. Rfc1 Rc8 17. Bf1 d4 18. Ne4 Bxd2 19. Rxc8+ Nxc8 20. Qxg7 Rf8 21.
Rd1 Bb4 22. Nf6+ Kd8 23. Rxd4 Nb6 24. Qg5 Be7 25. Qh6 Qc3 26. Rd3 Qxe5 27. Nxd7 Nxd7 28. Qd2 Qc7 29. g3 Kc8 30. Qh6 Rd8 31. Qxh7 Ne5 32.
Re3 Bc5 33. Re2 Nd3 34. Kg2 Bxf2 35. Rd2 Ne1+ 36. Kxf2 Rxd2+ 37. Ke3 Qc3+ 38. Kf4 Rf2+ 39. Kg5 Qe5+ 40. Kh6 Rf6+ 41. Kg7 Rg6+ 42. Kf8 Qd6+ 43.
Kxf7 Rg5 44. Qh8+ Kc7 45. Qc3+ Rc5 46. Qxe1 Rf5+ 47. Kg6 Rf3 48. Qc1+ Kb8 49. Be2 e5+ 50. Kh5 Rf5+ 51. Kg4 Qe6 52. Kh4 Rf2 53. Bg4 Rxh2+ 54. Kg5 Qe7+ 55. Kf5 Rf2+ 56. Ke4 Qb4+ 57. Ke3 Qd4# 0-1

[Event "*** Titled Tuesday Blitz"]
[Site "Chess.com"]
[Date "2018.06.05"]
[Round "7"]
[White "51616516516"]
[Black "Jadeit90"]
[Result "1/2-1/2"]
[WhiteElo "2297"]
[BlackElo "2200"]
[TimeControl "180+2"]
[EndTime "14:42:48 PDT"]
[Termination "Game drawn by stalemate"]

1. d4 g6 2. Nf3 Bg7 3. g3 c5 4. Bg2 cxd4 5. Nxd4 Nc6 6. Nb3 Nf6 7. O-O O-O 8. c4 a5 9. a4 d6 10. Nc3 Be6 11. c5 d5 12. Nb5 Qd7 13. Bf4 Bh3 14. Rc1 Bxg2 15. Kxg2 e5 16. Bg5 Ne4 17. Be3 d4 18.
Bd2 Rad8 19. f3 Nxd2 20. Qxd2 Ne7 21. Nxa5 Nd5 22. Nc4 h5 23. Nb6 Ne3+ 24. Kg1 Qh3 25. Rf2 Bh6 26. Qe1 h4 27. g4 f5 28. g5 Bxg5 29. Nc4 Nxc4 30. Rxc4 Be3 31. Nd6 e4 32. Kh1 Bxf2 33. Qxf2 e3 34. Qg2 Qxg2+ 35. Kxg2 d3 36. exd3 b6 37. d4 bxc5 38. dxc5 f4 39. b4 h3+ 40.
Kf1 g5 41. Ke2 g4 42. Re4 gxf3+ 43. Kxf3 Rf6 44. b5 Rfxd6 45. cxd6 Rxd6 46. Rxf4 Rd2 47. Kxe3 Rxh2 48. Rh4 Ra2 49. Kf3 h2 50. Kg3 Rxa4 51.
Rxh2 Rb4 52. Rh5 Kf7 53. Kf3 Ke6 54. Ke3 Kd6 55. Kd3 Rg4 56. Kc3 Kc7 57. Rh6 Kb7 58. Kb3 Kc7 59. Rf6 Kb7 60. Rc6 Ka7 61. Rc4 Rxc4 62. Kxc4 Kb6 63. Kb4 Kb7 64. Kc5 Kc7 65. b6+ Kb7 66. Kb5 Kb8 67. Kc6 Kc8 68. b7+ Kb8 69.
Kb6 1/2-1/2

[Event "*** Titled Tuesday Blitz"]
[Site "Chess.com"]
[Date "2018.06.05"]
[Round "7"]
[White "Karina_Oparina"]
[Black "Alopekos"]
[Result "1/2-1/2"]
[WhiteElo "2187"]
[BlackElo "2350"]
[TimeControl "180+2"]
[EndTime "14:42:54 PDT"]
[Termination "Game drawn - insufficient material"]

1. Nf3 Nf6 2. g3 d5 3. Bg2 e6 4. O-O Be7 5. d4 O-O 6. c4 dxc4 7. Qa4 a6 8. Qxc4 b5 9. Qc2 Bb7 10. Rd1 Be4 11. Qd2 b4 12. b3 Nbd7 13. Bb2 c5 14.
dxc5 Nxc5 15. Qxd8 Rfxd8 16. Nbd2 Bd5 17. Rac1 a5 18.
Ne1 a4 19. Bxd5 Rxd5 20. Nef3 axb3 21. axb3 Ra2 22. Bd4 h6 23. Kf1 Nfe4 24. Nxe4 Nxe4 25.
Rc8+ Kh7 26. Rc7 Bf6 27. Rd3 Bxd4 28. Rxd4 Rxd4 29. Nxd4 e5 30. Nf5 Nd2+ 31. Kg2 Nxb3 32. Rb7 Rxe2 33. Rxb4 Nc5 34. Kf3 Rxf2+ 35. Kxf2 Nd3+ 36.
Ke3 Nxb4 37. g4 Kg6 38. h4 Kf6 39. Ke4 Na6 40. g5+ hxg5 41. hxg5+ Kxg5 42. Nxg7 Kf6 43. Nh5+ Ke6 44. Ng7+ Kf6 45. Nh5+ Kg5 46. Kxe5 Nb4 47. Ng3 Nd3+ 48. Ke4 Nf2+ 49. Kf3 Nd3 50. Ne4+ Kg6 51.
Nd6 f6 52. Ne8 f5 53. Nd6 Ne5+ 54. Kf4 Nd3+ 55. Kf3 Ne5+ 56. Kf4 Nd3+ 57. Ke3 Ne5 58. Nxf5 Kxf5 1/2-1/2

[Event "*** Titled Tuesday Blitz"]
[Site "Chess.com"]
[Date "2018.06.05"]
[Round "7"]
[White "asms9699"]
[Black "bascheyaro"]
[Result "1-0"]
[WhiteElo "2467"]
[BlackElo "2651"]
[TimeControl "180+2"]
[EndTime "14:42:58 PDT"]
[Termination "asms9699 won on time"]

1. c4 e5 2. g3 Nc6 3. Bg2 g6 4. Nc3 Bg7 5. e4 Nge7 6. Nge2 O-O 7. O-O d6 8. d3 Bg4 9. Be3 Qd7 10. Qd2 Nd4 11. f3 Bh3 12. Nd5 Nxd5 13. cxd5 Bxg2 14. Kxg2 Nxe2 15. Qxe2 c5 16. dxc6 bxc6 17. Rac1 c5 18. Rc4 a5 19. b3 f5 20. a3 Rab8 21. Rb1 Rb7 22. Qd2 Qf7 23. f4 fxe4 24. dxe4 Rxb3 25. Rxb3 Qxc4 26. Qd3 Qe6 27. Rb6 exf4 28. Bxf4 Qa2+ 29. Kh3 g5 30. Bxd6 g4+ 31. Kh4 Qxh2+ 32. Kxg4 h5+ 33.
Kg5 Qh3 34. Qd1 Rf6 35. Qxh5 Bh6+ 36. Kxf6 Qxh5 37. Rb8+ Kh7 38. Rb7+ Bg7+ 39. Rxg7+ Kh8 40. Rc7 Qf3+ 41. Ke6 Kg8 42. e5 c4 43. Kd7 Qf7+ 44.
Kd8 Qe6 45. Re7 Qd5 46. Kd7 c3 47. e6 c2 48. Re8+ Kg7 49. Rc8 Qb7+ 50. Rc7 Qxc7+ 51. Bxc7 c1=Q 52. e7 Qd1+ 53. Ke6 Qe2+ 54. Be5+ Kh7 55.
e8=Q Qc4+ 56. Kf6 Qa6+ 57. Qe6 1-0

[Event "*** Titled Tuesday Blitz"]
[Site "Chess.com"]
[Date "2018.06.05"]
[Round "7"]
[White "lupta_robin"]
[Black "murmah2003"]
[Result "0-1"]
[WhiteElo "2443"]
[BlackElo "2495"]
[TimeControl "180+2"]
[EndTime "14:43:00 PDT"]
[Termination "murmah2003 won by resignation"]

1. e4 g6 2. d4 Bg7 3. Nf3 d6 4. Bc4 e6 5. Bb3 Nf6 6. Nbd2 O-O 7. O-O b6 8. c3 Bb7 9. Qe2 c5 10. Re1 Nc6 11. e5 dxe5 12. dxe5 Nd7 13. Nc4 Ba6 14.
Bf4 Qc7 15. Qe4 b5 16. Nd6 c4 17. Bc2 Rad8 18. Rad1 Nc5 19. Qe3 Qb6 20. h4 b4 21.
h5 Nd3 22. Qxb6 axb6 23. Bxd3 cxd3 24. c4 gxh5 25. b3 f6 26. exf6 Rxf6 27. Bg3 e5 28.
Ne4 Rf5 29. Re3 Bb7 30. Rexd3 Rxd3 31. Rxd3 Nd4 32. Nfd2 Rf8 33. Kh2 Ra8 34. Nd6 Bc6 35. f4 exf4 36. Bxf4 Rxa2 37. N2e4 Nf5 38. Nxf5 Rxg2+ 39.
Kh3 Bxe4 40. Rd8+ Kf7 41. Nxg7 Kxg7 42. Rd7+ Kf6 43. Rd6+ Kf5 44. Bg3 Rb2 45. Rxb6 Rxb3 46. Rb5+ Kg6 47. Kh4 Rb1 48. Rb6+ Kf5 49. Rb5+ Kf6 50.
Kxh5 Bf3+ 51. Kh4 Rh1+ 52. Bh2 Rxh2+ 53. Kg3 Bc6 54. Rb6 Rg2+ 55. Kh3 Rg6 56. Rxc6+ Ke5 57. Rc7 Kd4 58. Rxh7 Kxc4 59. Rc7+ Kb3 0-1

[Event "*** Titled Tuesday Blitz"]
[Site "Chess.com"]
[Date "2018.06.05"]
[Round "7"]
[White "Gvalch"]
[Black "Gareth-Bale11"]
[Result "1/2-1/2"]
[WhiteElo "2597"]
[BlackElo "2448"]
[TimeControl "180+2"]
[EndTime "14:43:04 PDT"]
[Termination "Game drawn by stalemate"]

1. d4 d5 2. c4 e6 3. Nf3 Nf6 4.
g3 Bb4+ 5. Nbd2 O-O 6. Bg2 b6 7. O-O Bb7 8. Ne5 Nc6 9. Nxc6 Bxc6 10. a3 Bxd2 11. Bxd2 Qd7 12. cxd5 Bxd5 13. f3 Rfd8 14. Bc3 Bc4 15. Re1 a5 16. e4 a4 17. Rc1 Qb5 18.
Qd2 Rd7 19. d5 Ne8 20. Bh3 c6 21. Qf4 cxd5 22. exd5 Bxd5 23. Re5 Rc8 24. Rg5 Qc5+ 25. Kh1 Bxf3+ 26. Bg2 Bxg2+ 27. Kxg2 Rd5 28. Bxg7 Qxc1 29. Bc3+ Rxg5 30. Qxc1 Rg6 31. Qd1 Nf6 32. Qd4 b5 33.
h4 h5 34. Kf1 Rc4 35. Qd8+ Kg7 36. Kf2 Rc5 37. Bb4 Rf5+ 38. Kg2 Ne4 39. Qd4+ Nf6 40. Qd8 Nd5 41. Qf8+ Kh7 42. Bd2 Rff6 43. Bc1 Nf4+ 44.
Kh2 Nd3 45. Be3 Ne5 46. Bf4 Nf3+ 47. Kh3 Ng1+ 48. Kh2 Nf3+ 49. Kh3 Rf5 50. Qe8 Ng1+ 51. Kh2 Ne2 52. Be3 Nxg3 53. Bg5 Ne4 54. Bd8 Rf2+ 55. Kh1 Ng3+ 56. Kg1 Rf5 57. Bg5 Ne4 58. Kh2 Nxg5 59. hxg5 Rgxg5 60. Kh3 Rg4 61. Kh2 Rg6 62. Kh3 Rg7 63. Kh2 Rf2+ 64. Kh3 Rxb2 65. Kh4 Rb3 66. Qh8+ Kg6 67. Qh6+ Kxh6 1/2-1/2

[Event "*** Titled Tuesday Blitz"]
[Site "Chess.com"]
[Date "2018.06.05"]
[Round "7"]
[White "Morshynska"]
[Black "NormWeinstein"]
[Result "0-1"]
[WhiteElo "2229"]
[BlackElo "2386"]
[TimeControl "180+2"]
[EndTime "14:43:10 PDT"]
[Termination "NormWeinstein won by resignation"]

1. d4 Nf6 2. c4 g6 3. Nf3 Bg7 4. g3 d5 5. Bg2 dxc4 6. Na3 c3 7.
bxc3 O-O 8. O-O c5 9. Nc4 Nc6 10. Bb2 Be6 11. Nce5 Bd5 12. e3 Rc8 13. c4 Be4 14. Nxc6 bxc6 15. dxc5 Qa5 16. Bd4 Rfd8 17. Qe1 Qa4 18. Qc3 Ne8 19. Bxg7 Nxg7 20. Nd4 Bxg2 21.
Kxg2 Rb8 22. Nb3 Ne6 23. h4 h5 24. g4 hxg4 25. h5 Qb4 26. Qe5 Qxc4 27. hxg6 Qd5+ 28. Qxd5 Rxd5 29. gxf7+ Kxf7 30. Kg3 Rb4 31. Rh1 Nxc5 32.
Nxc5 Rxc5 33. Rh7+ Ke8 34. Rd1 Rd5 35. Rh8+ Kd7 36.
Rdh1 Ra4 37. Rb8 Rxa2 38. Rb7+ Kd6 39. Rh6+ e6 40. Rhh7 Kc5 41. Rhe7 e5 42. Rxa7 Rxa7 43. Rxa7 Kb6 44. Re7 c5 45. Kxg4 c4 46. Re8 c3 47.
Ra8 c2 48. Ra1 Rc5 49. Rc1 Kb5 50. Kf3 Kb4 51. Ke2 Kc3 52. f4 Kb2 53. Rxc2+ Rxc2+ 54. Kd3 exf4 55. exf4 Rf2 56. Ke4 Kc3 57. f5 Kc4 58. Ke5 Kc5 59. f6 Kc6 60. Ke6 Re2+ 61. Kf7 Kd7 62. Kf8 Ke6 63. f7 Rf2 0-1

[Event "*** Titled Tuesday Blitz"]
[Site "Chess.com"]
[Date "2018.06.05"]
[Round "7"]
[White "bugsbunny444"]
[Black "nurmiTV"]
[Result "1-0"]
[WhiteElo "2360"]
[BlackElo "2486"]
[TimeControl "180+2"]
[EndTime "14:43:12 PDT"]
[Termination "bugsbunny444 won by resignation"]

1. Nf3 c5 2. c4 g6 3. d4 cxd4 4. Nxd4 Bg7 5. e4 Qb6 6. Nb5 a6 7. Be3 Qa5+ 8. Bd2 Qd8 9. Bc3 Nf6 10. N5a3 O-O 11. Nd2 Nc6 12. Be2 e6 13. O-O d5 14.
exd5 exd5 15. cxd5 Qxd5 16. Bf3 Qf5 17. Nac4 Rd8 18.
Bxc6 bxc6 19. Qf3 Qxf3 20. Nxf3 Be6 21. Na5 Bd5 22. Nd4 c5 23. Ndc6 Re8 24. Rfd1 Be4 25.
f3 Bf5 26. Re1 Kf8 27. Be5 Re6 28. g4 Bd3 29. Rad1 c4 30. Nb4 Rd8 31. Nxc4 Bxc4 32. Rxd8+ Ne8 33. Bxg7+ Ke7 34. Rxe6+ Bxe6 35. Rxe8+ Kxe8 36.
Bd4 a5 37. Nd3 Bxa2 38. Bc3 a4 39. Nc5 Bd5 40. Kf2 Bc6 41. Ke3 Ke7 42. g5 Kd6 43.
Ne4+ Ke6 44. f4 Kf5 45. Nd6+ Ke6 46. Nc4 Kf5 47. Ne5 Be8 48. Kf3 f6 49. gxf6 Kxf6 50.
Nd7+ Kf5 51. Nc5 h6 52. Kg3 Bc6 53. Nd3 Ke4 54. Ne5 Be8 55. Nc4 Kd3 56. Ne5+ Kc2 57.
Bd4 Kb3 58. Nf3 a3 59. bxa3 Kxa3 60. Bg7 h5 61. Kh4 Kb3 62. Kg5 Kc4 63. Ne5+ Kd5 64. Nxg6 Ke4 65. f5 Kf3 66. Kxh5 Ke4 67. Kg5 Kd5 68. h4 1-0

[Event "*** Titled Tuesday Blitz"]
[Site "Chess.com"]
[Date "2018.06.05"]
[Round "7"]
[White "Angry_Serb"]
[Black "FearNoEvil12"]
[Result "1-0"]
[WhiteElo "2453"]
[BlackElo "1944"]
[TimeControl "180+2"]
[EndTime "14:43:15 PDT"]
[Termination "Angry_Serb won on time"]

1. e4 a6 2. d4 b5 3. Nf3 Bb7 4. Bd3 e6 5. O-O Nf6 6. Qe2 d6 7. a4 b4 8. Nbd2 Nbd7 9. e5 Nd5 10. Ne4 h6 11. c4 bxc3 12. bxc3 g5 13. Rb1 Rb8 14.
Bd2 g4 15. Ne1 dxe5 16. dxe5 Nxe5 17. Nc2 Rg8 18. Kh1 Nb6 19. Bxa6 Bxe4 20. Qxe4 Qxd2 21. Qxe5 Bd6 22. Qe4 Rg5 23. Ne3 Qxc3 24. Nxg4 Ke7 25. Ne3 Rbg8 26. g3 Re5 27. Qf3 Qa5 28. Bb5 Nxa4 29. Nc4 Rxb5 30. Nxa5 Rxa5 31. Qe3 Re5 32. Qxh6 Nc5 33. Qh4+ Kd7 34. Rfd1 Ne4 35. Rb2 Ng5 36. Kg2 Rf5 37. Qa4+ Ke7 38. h4 Nf3 39. Qe4 Rf4 40. Qxf3 Rxf3 41. Kxf3 Rc8 42. g4 Ra8 43. Rd3 Ra4 44.
g5 Rxh4 45. Rb5 Rf4+ 46. Ke3 Rg4 47. Ke2 Bf4 48. Rd4 Rxg5 49. Rxg5 Bxg5 50. Rc4 Kd7 51. Kd3 Be7 52. Ke4 f6 53. Ra4 c5 54. Ra6 Bd6 55.
Kd3 f5 56. Kc4 e5 57. Kd5 Bc7 58. Kxc5 f4 59. Kd5 Ke7 60. Ra7 Kd7 61. f3 Kc8 62. Kc6 Bb8 63. Ra8 e4 64. fxe4 f3 65. Ra3 f2 66. Rf3 1-0

[Event "*** Titled Tuesday Blitz"]
[Site "Chess.com"]
[Date "2018.06.05"]
[Round "7"]
[White "1e41-0"]
[Black "Tash_Boy"]
[Result "0-1"]
[WhiteElo "2418"]
[BlackElo "2683"]
[TimeControl "180+2"]
[EndTime "14:43:20 PDT"]
[Termination "Tash_Boy won by resignation"]

1. d4 Nf6 2. c4 b6 3. Nc3 Bb7 4. d5 e6 5. Bf4 Bb4 6. Nf3 exd5 7. Be5 d6 8. a3 dxe5 9. axb4 e4 10. Nd4 dxc4 11.
e3 O-O 12. Bxc4 Nbd7 13. Nf5 Ne5 14. Be2 Nd3+ 15. Bxd3 exd3 16. O-O c5 17. bxc5 bxc5 18. Ra4 Qd7 19. Ng3 Bc6 20. Rc4 Rab8 21. Qd2 Qb7 22. e4 Rfd8 23. Qg5 h6 24. Qxc5 Rbc8 25. Nf5 Rc7 26. b4 d2 27. b5 Bxb5 28. Qxc7 Qxc7 29. Rxc7 Bxf1 30. Kxf1 d1=Q+ 31. Nxd1 Rxd1+ 32. Ke2 Ra1 33. Ng3 a5 34. Ra7 a4 35. Ke3 a3 36. Kf3 g6 37. h4 h5 38. Ne2 Ng4 39. Nd4 Nh2+ 40.
Kg3 Nf1+ 41. Kf4 Nd2 42. Ke5 Rf1 43. f3 Rb1 44. Kd6 Rb4 45. Nc6 Rb6 46. Kc7 Rb3 47. Nd4 Rd3 48. Nb5 Nc4 49. Kc6 Rd2 50. Kc5 Rc2 51.
Kb4 Ne3 52. Rxa3 Nxg2 53. Nd6 Nxh4 54. Ra7 Nxf3 55. Nxf7 h4 56. Nh6+ Kh8 57. Ng4 h3 58. Nf6 Ng5 59. Ng4 h2 60. Ra1 Rg2 61. Ne3 Rg1 62. Ra8+ Kg7 63. Ra7+ Nf7 64. e5 h1=Q 65. e6 Qe4+ 66. Kb5 Qxe6 67. Nc4 Rg5+ 68. Kb4 Rg4 69. Kc5 Rxc4+ 70. Kb5 Qc6+ 0-1

[Event "*** Titled Tuesday Blitz"]
[Site "Chess.com"]
[Date "2018.06.05"]
[Round "7"]
[White "Kubas1010"]
[Black "Jbd735"]
[Result "1/2-1/2"]
[WhiteElo "2379"]
[BlackElo "2375"]
[TimeControl "180+2"]
[EndTime "14:43:20 PDT"]
[Termination "Game drawn - insufficient material"]

1. d4 d5 2. c4 e6 3. Nf3 c6 4. g3 Nf6 5. Bg2 dxc4 6. O-O b5 7.
Ne5 Bb7 8. a4 a6 9. b3 cxb3 10.
Bb2 Nbd7 11. Nxd7 Qxd7 12. Nd2 c5 13. Bxb7 Qxb7 14. Qxb3 Rb8 15. dxc5 Bxc5 16. Bxf6 gxf6 17. axb5 axb5 18. Rfc1 Bd4 19. Rab1 O-O 20. e3 Be5 21.
Rc5 b4 22. Rc4 Qd5 23. Rg4+ Kh8 24. Qxd5 exd5 25. Kf1 Rfc8 26. Ke2 Rc2 27. Rgxb4 Rxb4 28. Rxb4 Bc3 29. Rb8+ Kg7 30. Kd3 Rxd2+ 31. Kxc3 Rxf2 32. Kd4 Rxh2 33. Kxd5 Rg2 34. Ke4 Rxg3 35. Kf4 Rg5 36. Ra8 h5 37. Ra1 Kg6 38. Rh1 Rg4+ 39. Kf3 Kg5 40. Ra1 h4 41. Ra7 Rg3+ 42. Kf2 Kg6 43. Ra4 Rh3 44. Rg4+ Kf5 45. Rf4+ Kg5 46.
Ke2 f5 47. Kf2 Rg3 48. Ra4 Rg4 49. Ra8 h3 50. Rg8+ Kf6 51. Rh8 Rg2+ 52. Kf3 Rh2 53. Kg3 Rh1 54. Kf3 Ke5 55. Rh5 Ke6 56. Rh6+ Ke5 57.
Rh4 Rf1+ 58. Ke2 Rh1 59. Kf3 h2 60. Kg2 Re1 61. Kxh2 Rxe3 62. Kg2 f4 63. Rh7 f6 64.
Kf2 Ra3 65. Rb7 Kf5 66. Rg7 Ra2+ 67. Kf3 Ra3+ 68. Kf2 Rb3 69. Re7 f3 70. Ra7 Kg5 71.
Ra4 f5 72. Rc4 Ra3 73. Rb4 Rc3 74. Ra4 Rd3 75. Rb4 Ra3 76. Rc4 f4 77. Rc8 Kg4 78.
Rg8+ Kf5 79. Rf8+ Ke5 80. Re8+ Kd6 81. Rd8+ Ke7 82. Rd4 Ke6 83. Rxf4 Ke5 84. Rxf3 Rxf3+ 85. Kxf3 1/2-1/2